 Dungeon Crawl Stone Soup version 0.20-a0-1018-ge435b50 (webtiles) character file.

531 truemonolith the Chopper (level 7, -6/50 HPs)
             Began as a Demonspawn Gladiator on Apr 17, 2017.
             Was a Follower of Cheibriados.
             Mangled by a slave (9 damage)
             ... led by Pikel
             ... on level 4 of the Dungeon.
             The game lasted 00:07:57 (3906 turns).

truemonolith the Chopper (Demonspawn Gladiator)     Turns: 3906, Time: 00:07:58

Health: -6/50      AC:  3    Str: 23    XL:     7   Next: 3%
Magic:  7/7        EV: 13    Int: 13    God:    Cheibriados [*.....]
Gold:   174        SH:  0    Dex: 18    Spells: 6/6 levels left

rFire    . . .     SeeInvis +   a - +0 war axe
rCold    . . .     Gourm    .   (no shield)
rNeg     . . .     Faith    +   l - +0 leather armour
rPois    .         Spirit   .   (helmet restricted)
rElec    .         Reflect  .   (no cloak)
rCorr    .         Harm     .   (no gloves)
MR       .....                  (no boots)
Stlth    +.........             k - amulet of faith
Regen    0.2/turn               q - ring of see invisible
MPRegen  0.1/turn               (no ring)

@: mighty, very slow
A: claws 2, horns 2, talons 1, powered by pain 1
a: Bend Time, Renounce Religion


You were on level 4 of the Dungeon.
You worshipped Cheibriados.
Cheibriados was aware of your devotion.
You were not hungry.

You visited 1 branch of the dungeon, and saw 4 of its levels.

You collected 174 gold pieces.

Inventory:

Hand Weapons
 a - a +0 war axe (weapon)
Armour
 c - a +0 helmet
 l - a +0 leather armour (worn)
Jewellery
 j - an uncursed amulet of the gourmand
 k - an amulet of faith (around neck)
 q - a ring of see invisible (left claw)
Wands
 m - a wand of paralysis (7/24)
Scrolls
 b - a scroll of blinking {unknown}
 e - 5 scrolls of identify
 i - a scroll of amnesia {unknown}
 n - 5 scrolls of recharging {unknown}
 o - 2 scrolls of teleportation
Potions
 d - a potion of might
Comestibles
 f - 3 bread rations
 g - 3 royal jellies
 h - a meat ration


   Skills:
 - Level 2.0 Fighting
 + Level 7.3 Axes
 - Level 1.7 Throwing
 - Level 2.6 Dodging


You had 6 spell levels left.
You didn't know any spells.

Dungeon Overview and Level Annotations

Branches:
Dungeon (4/15)
 Temple: D:4-7

Altars:
Cheibriados
Nemelex Xobeh
Okawaru
Yredelemnul


Innate Abilities, Weirdness & Mutations

You have very sharp fingernails.
You have a pair of horns on your head.
You have sharp toenails.
You sometimes gain a little power by taking damage.


Message History

The slave is almost dead.
The slave hits you!
* * * LOW HITPOINT WARNING * * *
You slash the slave!
You kill the slave!
That felt strangely unrewarding.
A slave comes into view.
The slave shouts!
The slave hits you.
* * * LOW HITPOINT WARNING * * *
The slave barely misses you. The slave completely misses you.
You see here an animal skin.
You are too injured to fight recklessly!
You are too injured to fight recklessly!
You are too injured to fight recklessly!
You are too injured to fight recklessly!
You slash the slave! Your kick misses the slave.
The slave is moderately wounded.
You slash the slave! The slave hits you!
You die...

.......#########
...............# .
...............# ..
...............# ...
...............# ....
...............# .....
..........##########......
.................p.)p.....
#####..........p@####=....
##............# ...
####..............# .
..................#
.##..##.............
.#..###..........#.##
...####..........#.#
..#..............#.#
.......####......#


You could see 3 slaves.

Vanquished Creatures
  A slave (D:4)
  A phantom (D:4)
  An ogre (D:4)
  A crimson imp (D:3)
  2 jellies (D:3)
  An orc priest (D:3)
  A hound (D:4)
  A worker ant (D:3)
  2 adders
  10 oozes
  2 worms (D:3)
  3 leopard geckos
  8 orcs (D:3)
  5 giant cockroaches
  2 gnoll zombies (D:2)
  6 goblins
  10 hobgoblins
  6 jackals
  16 kobolds
  8 bats
  5 frilled lizards
  A leopard gecko skeleton (D:3)
  7 rats
100 creatures vanquished.

Vanquished Creatures (others)
  11 toadstools (D:3)
11 creatures vanquished.

Grand Total: 111 creatures vanquished

Notes
Turn   | Place    | Note
-------+----------+-------------------------------------------
     0 | D:1      | truemonolith the Demonspawn Gladiator began the quest for the Orb.
     0 | D:1      | Reached XP level 1. HP: 16/16 MP: 1/1
    83 | D:1      | Reached skill level 3 in Axes
   482 | D:1      | Gained mutation: You have sharp toenails. [demonic ancestry]
   482 | D:1      | Reached XP level 2. HP: 18/22 MP: 2/2
   837 | D:1      | Gained mutation: You sometimes gain a little power by taking damage. [demonic ancestry]
   837 | D:1      | Reached XP level 3. HP: 24/27 MP: 3/3
  1271 | D:2      | Reached skill level 4 in Axes
  1785 | D:2      | Gained mutation: You have sharp fingernails. [demonic ancestry]
  1785 | D:2      | Reached XP level 4. HP: 33/33 MP: 4/4
  1789 | D:2      | Found a basalt altar of Yredelemnul.
  2165 | D:3      | Reached skill level 5 in Axes
  2598 | D:3      | Found a snail-covered altar of Cheibriados.
  2606 | D:3      | Gained mutation: You have a pair of small horns on your head. [demonic ancestry]
  2606 | D:3      | Reached XP level 5. HP: 18/38 MP: 5/5
  2790 | D:3      | Became a worshipper of Cheibriados the Contemplative
  2937 | D:3      | Reached skill level 6 in Axes
  2991 | D:3      | Reached * piety under Cheibriados
  3016 | D:3      | Gained mutation: You have a pair of horns on your head. [demonic ancestry]
  3016 | D:3      | Reached XP level 6. HP: 29/44 MP: 6/6
  3027 | D:3      | Found an iron altar of Okawaru.
  3481 | D:4      | Found a sparkling altar of Nemelex Xobeh.
  3549 | D:4      | Reached skill level 7 in Axes
  3896 | D:4      | Noticed a slave
  3897 | D:4      | Noticed a slave
  3899 | D:4      | Noticed a slave
  3899 | D:4      | Gained mutation: You have very sharp fingernails. [demonic ancestry]
  3899 | D:4      | Reached XP level 7. HP: 14/50 MP: 7/7
  3906 | D:4      | Mangled by a slave

Vault maps used:
D:1:      dpeg_arrival_prison, minmay_quantized
D:2:      lemuel_zombie_altar_yredelemnul
D:3:      cheibrodos_fertilizer, overflow_temple_1_default, marbit_many_paths,
          first_bread
D:4:      nemelex_altar_shiori, serial_shops, nicolae_shop_waterfront,
          uniq_pikel

Skill      XL: |  1  2  3  4  5  6 |
---------------+-------------------+-----
Axes           | 3 4 5 6 7 |  7.3
Fighting       | |  2.0
Throwing       | |  1.7
Dodging        | |  2.6

Action                   |  1- 3 |  4- 6 |  7- 9 || total
-------------------------+-------+-------+-------++-------
Melee: War axe           |    99 |   133 |     3 ||   235
       Kick              |    14 |    34 |       ||    48
       Headbutt          |       |    20 |     1 ||    21
  Use: Scroll            |       |     8 |       ||     8
       Potion            |       |     3 |       ||     3
  Eat: Bread ration      |     1 |       |       ||     1
       Chunk             |       |     4 |       ||     4
Armor: Leather armour    |    35 |    32 |       ||    67
Dodge: Dodged            |   101 |   118 |     2 ||   221
